 Dungeon Crawl Stone Soup version 0.22-a0-159-g7ce444f (webtiles) character file.

15635 KristoblXynda the Carver (level 12, -6/103 HPs)
             Began as a Purple Draconian Gladiator on Feb 9, 2018.
             Was an Initiate of Gozag.
             Shot with a bolt by an orc knight (21 damage)
             ... on level 1 of the Orcish Mines.
             The game lasted 00:29:21 (12441 turns).

KristoblXynda the Carver (DrGl)                    Turns: 12441, Time: 00:29:21

Health: -6/103     AC: 12    Str: 16    XL:     12   Next: 3%
Magic:  4/15       EV: 18    Int: 13    God:    Gozag
Gold:   1046       SH:  6    Dex: 14    Spells: 11/11 levels left

rFire    . . .     SeeInvis .   D - +1 scimitar
rCold    . . .     Gourm    .   u - +1 buckler
rNeg     + . .     Faith    .   (armour unavailable)
rPois    +         Spirit   .   b - +2 hat
rElec    .         Reflect  .   (no cloak)
rCorr    .         Harm     .   x - +1 pair of gloves
MR       +....                  (no boots)
Stlth    +.........             (no amulet)
HPRegen  0.27/turn              h - ring of positive energy
MPRegen  0.14/turn              (no ring)

@: no status effects
A: breathe power, unfitting armour, horns 1, poison resistance, cold-blooded,
MP-powered wands, AC +8
a: Breathe Dispelling Energy, Potion Petition, Call Merchant, Bribe Branch,
Renounce Religion


You were on level 1 of the Orcish Mines.
You worshipped Gozag.
Gozag was most pleased with you.
You were very hungry.

You visited 2 branches of the dungeon, and saw 11 of its levels.
You also visited: Sewer and Bailey.

You collected 3104 gold pieces.
You paid 2058 gold pieces to Gozag.

Inventory:

Hand Weapons
 D - a +1 scimitar (weapon)
Missiles
 m - 38 tomahawks of returning (quivered)
Armour
 a - a +0 shield
 b - a +2 hat (worn)
 u - a +1 buckler (worn)
 x - a +1 pair of gloves (worn)
Jewellery
 h - a ring of positive energy (left hand)
Wands
 i - a wand of disintegration (4)
 w - a wand of acid (5)
 y - a wand of digging (19)
Scrolls
 f - a scroll of immolation
 k - 3 scrolls of magic mapping
 n - 5 scrolls of teleportation
 o - 3 scrolls of blinking
 p - 2 scrolls of fog
 q - 4 scrolls of enchant armour
 r - 7 scrolls of remove curse
 v - a scroll of identify
 A - 2 scrolls of amnesia
 F - a scroll of enchant weapon
Potions
 e - a potion of haste
 g - 2 potions of resistance
 j - 2 potions of curing
 l - 2 potions of flight
 s - 5 potions of magic
 t - 7 potions of brilliance
 z - a potion of cancellation
Books
 G - the Papyrus of Freezing Earth
   (You found it in a bailey)

   Spells                             Type                      Level
   a - Leda's Liquefaction            Hexes/Earth                  4
   b - Borgnjor's Vile Clutch         Necromancy/Earth             5
   c - Bolt of Cold                   Conjuration/Ice              6
Miscellaneous
 E - a phial of floods (inert)
Comestibles
 d - 13 rations


   Skills:
 - Level 8.4 Fighting
 + Level 12.6 Long Blades
 + Level 4.0 Throwing
 + Level 10.2 Dodging
 - Level 4.6 Shields
 - Level 5.3 Evocations


You had 11 spell levels left.
You didn't know any spells.

Dungeon Overview and Level Annotations

Branches:
Dungeon (10/15)            Temple (0/1) D:4            Lair (0/6) D:8
    Orc (1/2) D:9

Altars:
Dithmenos
Fedhas
Gozag
Kikubaaqudgha
Makhleb
Qazlal
Sif Muna
Trog
Uskayaw
Vehumet
Xom
Yredelemnul
Zin
Beogh

Shops:
D:8 [   D:9 (   Orc:1 (

Annotations:
D:4 exclusion: oklob sapling
D:5 1 runed door
D:10 Fannar


Innate Abilities, Weirdness & Mutations

You can breathe bolts of dispelling energy.
Your rich purple scales are hard. (AC +8)
You cannot fit into any form of body armour.
You are cold-blooded and may be slowed by cold attacks.
You have a pair of small horns on your head.
Your system is resistant to poisons. (rPois)
You expend magic power (3 MP) to strengthen your wands.


Message History

The tomahawk of returning hits the orc knight but does no damage.
The orc knight is almost dead.
The tomahawk of returning returns to your pack!
The orc knight shoots a bolt.
The bolt completely misses you.
Throwing (i - inventory)
m - 38 tomahawks of returning (quivered)
Press: ? - help, Shift-Dir - straight line, f/p - orc knight
Aim: an orc knight, wielding an arbalest and wearing a chain mail (almost dead)
You throw a tomahawk of returning.
The tomahawk of returning closely misses the orc knight.
The tomahawk of returning returns to your pack!
Throwing (i - inventory)
m - 38 tomahawks of returning (quivered)
Press: ? - help, Shift-Dir - straight line, f/p - orc knight
Aim: an orc knight, wielding an arbalest and wearing a chain mail (almost dead)
You throw a tomahawk of returning.
The tomahawk of returning hits the orc knight but does no damage.
The orc knight is almost dead.
The tomahawk of returning returns to your pack!
The orc knight shoots a bolt.
The bolt hits you!!
You die...
Your body crumbles into a pile of gold.

******** ##.##.#.##
*#........* *##
*.$.o#.#.####.#*
*#..$..#..#$...*
#....$.......**
##*#.#.......##*
##.#*#.........##
##...###.@.......#* ****
##......##.$$..$$..*
**,,*##........#.(....#.#*
*,,,,#................#**
**,,,.........$$...#.##
*,,,,.......$.(...####
**,*,#......>....##
**,,,..........$##
*,,,,......(..###


You could see an orc knight.

Vanquished Creatures
  An orc warlord (Orc:1)
  Erolcha (Orc:1)
  A two-headed ogre (D:8)
  5 death yaks (D:8)
  2 orc knights (Bailey)
  An orc sorcerer (Orc:1)
  4 trolls
  Sigmund (D:4)
  Eustachio (D:5)
  A warg (Orc:1)
  Menkaure (D:4)
  15 orc warriors
  Purgy (D:4)
  4 ice beasts
  A phantom (D:7)
  14 ogres
  5 centaurs
  Blork the orc (D:5)
  7 big kobolds (D:9)
  5 bullfrogs
  3 scorpions
  11 wights
  7 killer bees
  2 howler monkeys
  3 crimson imps
  A quasit (D:9)
  2 bullfrog zombies
  A jelly (D:9)
  6 orc priests
  4 hounds
  13 orc wizards
  Ijyb (D:3)
  3 centaur skeletons
  6 worker ants
  4 iguanas
  9 gnolls
  5 river rats
  13 adders
  2 shadow imps
  5 oozes
  2 adder skeletons
  3 worms
  A dart slug (D:1)
  6 leopard geckos
  41 orcs
  13 ball pythons
  8 giant cockroaches
  12 goblins
  5 hobgoblins
  12 jackals
  19 kobolds
  3 quokkas
  5 bats
  12 frilled lizards
  32 rats
347 creatures vanquished.

Vanquished Creatures (collateral kills)
  An orc knight (Orc:1)
  A troll (Orc:1)
  An orc priest (Orc:1)
  2 orcs (Orc:1)
5 creatures vanquished.

Vanquished Creatures (others)
  A hobgoblin (Orc:1)
1 creature vanquished.

Grand Total: 353 creatures vanquished

Notes
Turn   | Place    | Note
-------+----------+-------------------------------------------
     0 | D:1      | KristoblXynda the Draconian Gladiator began the quest for the Orb.
     0 | D:1      | Reached XP level 1. HP: 17/17 MP: 1/1
    64 | D:1      | Reached XP level 2. HP: 22/24 MP: 2/2
   326 | D:1      | Reached XP level 3. HP: 26/29 MP: 3/3
   604 | D:2      | Reached skill level 4 in Long Blades
   798 | D:2      | Found an opulent altar of Gozag.
   965 | D:2      | Reached XP level 4. HP: 36/36 MP: 4/4
  1460 | D:2      | Found a blossoming altar of Fedhas.
  1636 | D:2      | Became a worshipper of Gozag Ym Sagoz the Greedy
  1714 | D:3      | Found a glowing drain.
  1760 | Sewer    | Entered a sewer
  1796 | Sewer    | Reached XP level 5. HP: 33/41 MP: 5/5
  2031 | Sewer    | Reached skill level 5 in Long Blades
  2353 | Sewer    | Reached XP level 6. HP: 30/48 MP: 6/6
  2359 | Sewer    | Reached skill level 6 in Long Blades
  2691 | D:3      | Noticed Ijyb
  2703 | D:3      | Killed Ijyb
  3312 | D:4      | Your scales start taking on a rich purple colour.
  3312 | D:4      | Reached XP level 7. HP: 19/55 MP: 7/7
  3521 | D:4      | Noticed Menkaure
  3534 | D:4      | Killed Menkaure
  3534 | D:4      | Reached skill level 7 in Long Blades
  3534 | D:4      | Reached skill level 5 in Dodging
  3583 | D:4      | Noticed Purgy
  3597 | D:4      | Killed Purgy
  3617 | D:4      | Found a staircase to the Ecumenical Temple.
  3706 | D:4      | Found a bloodstained altar of Trog.
  3749 | D:4      | Noticed Sigmund
  3757 | D:4      | Killed Sigmund
  3757 | D:4      | Reached skill level 8 in Long Blades
  3757 | D:4      | Reached XP level 8. HP: 29/61 MP: 8/8
  4262 | D:4      | You fall through a shaft!
  4262 | D:5      | Entered Level 5 of the Dungeon
  4270 | D:5      | Found a shadowy altar of Dithmenos.
  4880 | D:5      | Reached skill level 9 in Long Blades
  5194 | D:5      | Noticed Eustachio
  5197 | D:5      | Noticed Blork the orc
  5226 | D:5      | Killed Blork the orc
  5268 | D:5      | Killed Eustachio
  5674 | D:5      | Reached skill level 10 in Long Blades
  5774 | D:5      | Found a runed door.
  5874 | D:5      | Found a shimmering altar of Xom.
  5885 | D:5      | Reached XP level 9. HP: 60/68 MP: 9/9
  6015 | D:6      | Reached skill level 1 in Shields
  6169 | D:6      | Found a stormy altar of Qazlal.
  6747 | D:7      | Found a deep blue altar of Sif Muna.
  8063 | D:8      | Noticed a death yak
  8098 | D:8      | Found a staircase to the Lair.
  8098 | D:8      | Noticed a death yak
  8098 | D:8      | Noticed a death yak
  8099 | D:8      | Noticed a death yak
  8099 | D:8      | Noticed a death yak
  8116 | D:8      | Killed a death yak
  8116 | D:8      | Reached skill level 5 in Fighting
  8116 | D:8      | Reached XP level 10. HP: 38/81 MP: 10/10
  8117 | D:8      | Killed a death yak
  8117 | D:8      | Reached skill level 11 in Long Blades
  8119 | D:8      | Killed a death yak
  8119 | D:8      | Reached skill level 1 in Evocations
  8125 | D:8      | Killed a death yak
  8127 | D:8      | Killed a death yak
  8469 | D:8      | Noticed a two-headed ogre
  8484 | D:8      | Killed a two-headed ogre
  8622 | D:8      | Found a burning altar of Makhleb.
  8762 | D:8      | Reached XP level 11. HP: 88/92 MP: 13/13
  9626 | D:9      | Gained mutation: You expend magic power (3 MP) to strengthen your wands. [potion of mutation]
  9626 | D:9      | Gained mutation: Your system is resistant to poisons. (rPois) [potion of mutation]
  9626 | D:9      | Gained mutation: You have a pair of small horns on your head. [potion of mutation]
  9781 | D:9      | Found a radiant altar of Vehumet.
  9806 | D:9      | Found a basalt altar of Yredelemnul.
  9807 | D:9      | Found a radiant altar of Vehumet.
  9807 | D:9      | Found an ancient bone altar of Kikubaaqudgha.
  9810 | D:9      | Found a hide-covered altar of Uskayaw.
  9876 | D:9      | Found a staircase to the Orcish Mines.
 10233 | D:9      | Noticed an angel
 10234 | D:9      | Found a glowing silver altar of Zin.
 10451 | D:10     | Entered Level 10 of the Dungeon
 10453 | D:10     | Noticed Fannar
 10474 | Orc:1    | Entered Level 1 of the Orcish Mines
 10474 | Orc:1    | Noticed an orc warlord
 10478 | Orc:1    | Noticed an orc sorcerer
 10480 | Orc:1    | Found a roughly hewn altar of Beogh.
 10529 | Orc:1    | Found a flagged portal.
 10534 | Orc:1    | Reached skill level 5 in Evocations
 10548 | Bailey   | Entered a bailey
 10576 | Bailey   | Noticed an orc knight
 10580 | Bailey   | Noticed an orc knight
 10702 | Bailey   | Killed an orc knight
 11181 | Bailey   | Killed an orc knight
 11181 | Bailey   | Reached skill level 12 in Long Blades
 11285 | Bailey   | Identified the Papyrus of Freezing Earth
 11340 | Orc:1    | Noticed Erolcha
 11363 | Orc:1    | Paralysed by Erolcha for 4 turns
 11379 | Orc:1    | Killed Erolcha
 11781 | Orc:1    | Noticed an orc knight
 11794 | Orc:1    | Killed an orc knight
 12180 | Orc:1    | Killed an orc warlord
 12180 | Orc:1    | Reached skill level 10 in Dodging
 12290 | Orc:1    | Killed an orc sorcerer
 12290 | Orc:1    | Reached XP level 12. HP: 43/103 MP: 15/15
 12441 | Orc:1    | Shot with a bolt by an orc knight

Vault maps used:
D:1:      saegor_arrival_under_anarchy
D:2:      fedhas_altar_1, marbit_many_paths
D:3:      first_ration, portal_sewer_entry_c, uniq_ijyb
D:4:      bloody_trog, minmay_temple_entry_oklob, uniq_sigmund, uniq_menkaure,
          uniq_purgy
D:5:      grunt_dithmenos_smoke_and_mirrors, lemuel_doored_altar,
          grunt_decor_mini_mirrors, lightli_church_of_beogh, uniq_blork_the_orc,
          uniq_eustachio
D:6:      nicolae_overflow_crystal_walls
D:7:      lemuel_crystal_altar, grunt_ogre_cave, centaur_isle
D:8:      nicolae_overflow_hidden_temple, dpeg_lair_monsters, item_on_display_a
D:9:      chequers_temple_overflow_statue_of_worship, zin_angel,
          kennysheep_orc_monster_closet_entryway, vehumet_altar_wand_db
D:10:     uniq_fannar
Orc:1:    enter_bailey_4, basic_altar, uniq_erolcha
Sewer:    sewer_minmay_w
Bailey:   bailey_axe_4, bailey

Skill      XL: |  1  2  3  4  5  6  7  8  9 10 11 12 |
---------------+-------------------------------------+-----
Throwing       | 2 3 4 |  4.0
Dodging        | 3 4 5 6 7 8 10 | 10.2
Long Blades    | 4 5 6 8 10 11 12 | 12.6
Shields        | 4 |  4.6
Fighting       | 5 7 8 |  8.4
Evocations     | 3 5 |  5.3

Action                   |  1- 3 |  4- 6 |  7- 9 | 10-12 || total
-------------------------+-------+-------+-------+-------++-------
Melee: Long sword        |    81 |   202 |   459 |    68 ||   810
       Tailslap          |     8 |    27 |    72 |    71 ||   178
       Scimitar          |       |       |       |   287 ||   287
       Headbutt          |       |       |       |    55 ||    55
Throw: Throwing net      |       |       |     4 |     2 ||     6
       Tomahawk          |       |       |       |   204 ||   204
Invok: Call Merchant     |       |       |     1 |     2 ||     3
       Potion Petition   |       |       |       |     1 ||     1
 Abil: Breathe Dispellin |       |       |     4 |     5 ||     9
Evoke: Wand              |       |       |    10 |    37 ||    47
       Phial of floods   |       |       |       |     1 ||     1
  Use: Scroll            |       |    16 |    10 |     8 ||    34
       Potion            |       |     4 |     9 |     6 ||    19
 Stab: Distracted        |     1 |     2 |     3 |     4 ||    10
       Sleeping          |       |     1 |       |       ||     1
       Held in net/web   |       |       |     2 |     2 ||     4
  Eat: Chunk             |       |     2 |       |       ||     2
       Ration            |       |     2 |     5 |     4 ||    11
Armor: Skin              |    31 |    74 |   205 |    78 ||   388
Dodge: Dodged            |    62 |   258 |   290 |   282 ||   892
Block: Buckler           |       |       |    77 |   112 ||   189
       Rpst.: Long sword |    16 |    96 |    74 |    14 ||   200
       Scimitar          |       |       |       |    59 ||    59

Table legend:
 A = Spawn XP
 B = Non-spawn XP
 C = Spawn XP percentage of total XP
 D = Spawn monster count
 E = Non-spawn monster count
 F = Spawn count percentage of total count
 G = Total turns spent on level
                    A         B        C        D         E        F      G
               +---------+---------+-------+---------+---------+-------+---------
         Total |       0 |   22337 |   0.0 |       0 |     352 |   0.0 | 12441
               +---------+---------+-------+---------+---------+-------+---------
           D:1 |       0 |      46 |   0.0 |       0 |      24 |   0.0 |   543
           D:2 |       0 |      74 |   0.0 |       0 |      24 |   0.0 |  1129
           D:3 |       0 |     127 |   0.0 |       0 |      20 |   0.0 |   800
           D:4 |       0 |    1055 |   0.0 |       0 |      17 |   0.0 |  1394
           D:5 |       0 |    1242 |   0.0 |       0 |      19 |   0.0 |  1263
           D:6 |       0 |     543 |   0.0 |       0 |      12 |   0.0 |   756
           D:7 |       0 |    1758 |   0.0 |       0 |      42 |   0.0 |   865
           D:8 |       0 |    5998 |   0.0 |       0 |      21 |   0.0 |  1447
           D:9 |       0 |    2412 |   0.0 |       0 |      37 |   0.0 |  1456
         Orc:1 |       0 |    6875 |   0.0 |       0 |      62 |   0.0 |  1178
         Sewer |       0 |     358 |   0.0 |       0 |      48 |   0.0 |   814
        Bailey |       0 |    1849 |   0.0 |       0 |      26 |   0.0 |   789
               +---------+---------+-------+---------+---------+-------+---------
